 Dungeon Crawl Stone Soup version 0.20-a0-993-gba41c3c (webtiles) character file.

22775 kuniqs the Blocker (level 13, 0/105 HPs)
             Began as a Formicid Fighter on Apr 11, 2017.
             Was the Champion of Okawaru.
             Slain by an ettin
             ... wielding a +0 dire flail
              (26 damage)
             ... on level 1 of the Orcish Mines.
             The game lasted 00:32:16 (14729 turns).

kuniqs the Blocker (Formicid Fighter)              Turns: 14729, Time: 00:32:17

Health: 0/105      AC: 31    Str: 21    XL:     13   Next: 30%
Magic:  16/18      EV: 14    Int:  7    God:    Okawaru [******]
Gold:   879        SH: 16    Dex: 14    Spells: 12/12 levels left

rFire    . . .     SeeInvis +   C - +3 battleaxe
rCold    . . .     Gourm    .   o - +0 shield
rNeg     + . .     Faith    .   z - +0 plate armour
rPois    .         Spirit   .   (helmet unavailable)
rElec    .         Reflect  +   j - +0 cloak
rCorr    .         Harm     .   u - +0 pair of gloves
MR       +....                  l - +0 pair of boots
Stlth    ..........             x - +2 amulet of reflection
Regen    0.3/turn               a - +5 ring of protection
MPRegen  0.2/turn               n - ring of positive energy

@: heroism
A: permanent stasis, dig shafts and tunnels, four strong arms, antennae 3, slimy
green scales 1, yellow scales 1, dopey 1
a: Dig, Shaft Self, Heroism, Finesse, Renounce Religion


You were on level 1 of the Orcish Mines.
You worshipped Okawaru.
Okawaru was exalted by your worship.
You were not hungry.

You visited 3 branches of the dungeon, and saw 16 of its levels.
You also visited: Labyrinth, Sewer and Bailey.

You collected 969 gold pieces.
You spent 90 gold pieces at shops.

Inventory:

Hand Weapons
 v - the +3 rapier of Temperance {protect, rElec Str+3 Int+4}
   (You found it on level 7 of the Dungeon)

   It protects the one who uses it against injury (+AC on strike).
   It affects your strength (+3).
   It affects your intelligence (+4).
   It insulates you from electricity.
 C - a +3 battleaxe (weapon)
Armour
 j - a +0 cloak (worn)
 l - a +0 pair of boots (worn)
 o - a +0 shield (worn)
 u - a +0 pair of gloves (worn)
 z - a +0 plate armour (worn)
Jewellery
 a - a +5 ring of protection (left hand)
 n - a ring of positive energy (right hand)
 x - a +2 amulet of reflection (around neck)
Wands
 s - a wand of polymorph (9/24)
 y - a wand of lightning (5/15)
 I - a wand of acid (6/15)
Scrolls
 b - 2 scrolls of magic mapping
 m - 3 scrolls of fog
 p - a scroll of recharging
 q - a scroll of fear
 w - a scroll of enchant weapon
 A - a scroll of silence
 G - a scroll of vulnerability {unknown}
Potions
 c - 2 potions of lignification
 h - 3 potions of curing {@q1}
 i - 2 potions of flight
 k - 2 potions of mutation
 r - 2 potions of might
 t - 2 potions of heal wounds
 B - 3 potions of cancellation
 D - 3 potions of resistance
 E - a potion of invisibility
Comestibles
 d - 4 bread rations
 e - 6 meat rations
 f - a fruit
 g - 15 chunks of flesh
 F - a royal jelly


   Skills:
 + Level 10.8(15.8) Fighting
 + Level 9.5(14.5) Axes
 + Level 10.5(15.5) Armour
 + Level 8.3(13.3) Dodging
 + Level 11.3(16.3) Shields
 + Level 7.8 Invocations


You had 12 spell levels left.
You didn't know any spells.

Dungeon Overview and Level Annotations

Branches:
Dungeon (14/15)            Temple (1/1) D:5            Lair (0/6) D:11
    Orc (1/2) D:12         Vaults (0/5) D:14

Altars:
Ashenzari
Cheibriados
Dithmenos
Elyvilon
Fedhas
Gozag
Hepliaklqana
Kikubaaqudgha
Makhleb
Nemelex Xobeh
Okawaru
Qazlal
Ru
Sif Muna
Trog
Uskayaw
Vehumet
Wu Jian
Xom
Yredelemnul
Zin
The Shining One
Lugonu

Shops:
D:5 =   D:11 %

Annotations:
D:14 Rupert, Urug


Innate Abilities, Weirdness & Mutations

You cannot be hasted, slowed, berserked, paralysed or teleported.
You can dig through walls and to a lower floor.
Your four strong arms can wield two-handed weapons with a shield.
You have a pair of large antennae on your head. (SInv)
You are partially covered in slimy green scales. (AC +2)
You are partially covered in yellow scales. (AC +2)
You are dopey. (Int -2)


Message History

2 gnolls and an ogre come into view.
The gnoll shouts!
You hit the ettin. The ettin hits you with a dire flail.
The ettin hits you with a great mace!!
A gnoll comes into view. It is wielding a spear.
You hear a blaring wail to the west.
The gnoll shouts!
You hear a shout! x34
You hear a howl!
You hear a shout! x3
You extend your mandibles.
You dig through the rock wall.
You dig through the rock wall.
You dig through the rock wall.
The ettin hits you with a dire flail!! The ettin hits you with a great mace.
You gain the combat prowess of a mighty hero.
You retract your mandibles.
You slash the ettin! You block the ettin's attack. x2
You slash the ettin! The ettin hits you but does no damage.
The ettin hits you with a great mace!!
You slash the ettin! The ettin hits you with a dire flail.
* * * LOW HITPOINT WARNING * * *
The ettin hits you with a great mace!!
You die...

##. #.... #.....#
### #......# ###
#@##
##......###.#####C#
#...........{#.#{##
.............{.{##
#.#....#.$....{##
##.............#.
.....$............
...........g.......
....................


You could see an ettin.

Vanquished Creatures
  A minotaur (Lab)
  A death knight (D:12)
  3 two-headed ogres
  A death yak (D:11)
  A skeletal warrior (D:12)
  The ghost of Alarkh the Martial Artist, a novice DsTm of Okawaru (D:7)
  The ghost of feelmyfire the Covert, a novice VSEn of Ashenzari (D:9)
  Pikel (D:4)
  An ugly thing (D:11)
  2 manticores (D:11)
  An elephant (D:11)
  Psyche (D:11)
  2 gargoyles
  3 kobold demonologists (D:10)
  2 minotaur zombies (Lab)
  Prince Ribbit (D:6)
  2 hippogriffs (D:12)
  Sigmund (D:4)
  2 wraiths (D:12)
  19 yaks
  3 wyverns
  A basilisk (D:12)
  2 vampire mosquitoes (D:12)
  A hungry ghost (D:9)
  A warg (Orc:1)
  Edmund (D:6)
  The ghost of Dirtsage the Cudgeler, an amateur GrGl (D:3)
  An acid dragon (D:12)
  2 water moccasins
  Duvessa (D:6)
  6 orc warriors
  An ice beast (D:9)
  4 sky beasts
  A black bear (D:6)
  2 phantoms
  2 necrophages
  4 ogres
  5 centaurs
  3 crocodiles (D:11)
  Blork the orc (D:4)
  2 big kobolds (Sewer)
  A wyvern zombie (D:6)
  A gnoll sergeant (D:8)
  3 bullfrogs
  A wyvern skeleton (D:12)
  Dowan (D:6)
  4 scorpions
  12 killer bees
  7 wights
  10 howler monkeys
  2 bullfrog zombies
  2 crimson imps
  5 hounds
  A centaur zombie (D:8)
  5 jellies
  2 bullfrog skeletons
  10 orc wizards
  11 orc priests
  8 centaur skeletons
  Ijyb (D:4)
  An iguana (D:12)
  Natasha (twice) (D:4)
  7 worker ants
  A hound skeleton (D:7)
  A worker ant zombie (D:8)
  9 gnolls
  14 adders
  A river rat (Sewer)
  2 shadow imps
  3 oozes
  An adder skeleton (D:5)
  5 worms
  4 dart slugs
  6 leopard geckos
  62 orcs
  3 ball pythons (Sewer)
  3 giant cockroaches
  17 goblins
  9 hobgoblins
  18 jackals
  11 kobolds
  4 quokkas
  10 bats
  6 frilled lizards
  13 rats
392 creatures vanquished.

Vanquished Creatures (others)
  A centaur (D:7)
  Natasha (D:4)
  2 orcs
  A ball python (D:4)
  2 jackals (D:4)
  A frilled lizard (D:4)
  A plant (D:10)
9 creatures vanquished.

Grand Total: 401 creatures vanquished

Notes
Turn   | Place    | Note
-------+----------+-------------------------------------------
     0 | D:1      | kuniqs the Formicid Fighter began the quest for the Orb.
     0 | D:1      | Reached XP level 1. HP: 18/18 MP: 1/1
   112 | D:1      | Reached XP level 2. HP: 24/24 MP: 2/2
   298 | D:1      | Reached XP level 3. HP: 29/29 MP: 3/3
   810 | D:2      | Reached skill level 1 in Dodging
   862 | D:2      | Reached skill level 4 in Shields
   862 | D:2      | Reached XP level 4. HP: 29/36 MP: 4/4
  1158 | D:2      | Found a burning altar of Makhleb.
  1160 | D:2      | Found a glowing golden altar of the Shining One.
  1164 | D:2      | Found an ancient bone altar of Kikubaaqudgha.
  1164 | D:2      | Found an ornate altar of the Wu Jian Council.
  1164 | D:2      | Found an opulent altar of Gozag.
  1166 | D:2      | Found a shimmering altar of Xom.
  1341 | D:2      | Reached XP level 5. HP: 26/42 MP: 5/5
  1700 | D:3      | Reached XP level 6. HP: 23/48 MP: 6/6
  2047 | D:3      | Noticed Dirtsage's ghost (amateur GrGl)
  2093 | D:3      | Killed Dirtsage's ghost
  2350 | D:3      | Found a basalt altar of Yredelemnul.
  2414 | D:3      | Found a white marble altar of Elyvilon.
  2835 | D:4      | Reached XP level 7. HP: 23/55 MP: 7/7
  2844 | D:4      | Gained mutation: You are dopey. (Int -2) [potion of mutation]
  2844 | D:4      | Gained mutation: You are partially covered in slimy green scales. (AC +2) [potion of mutation]
  2844 | D:4      | Gained mutation: You are partially covered in yellow scales. (AC +2) [potion of mutation]
  2852 | D:4      | Reached skill level 5 in Armour
  3149 | D:4      | Reached skill level 5 in Shields
  3224 | D:4      | Found a glowing drain.
  3228 | Sewer    | Entered a sewer
  3483 | Sewer    | Reached skill level 5 in Fighting
  3674 | D:4      | Reached XP level 8. HP: 62/62 MP: 8/8
  3685 | D:4      | Noticed Pikel
  3714 | D:4      | Killed Pikel
  3714 | D:4      | Reached skill level 6 in Shields
  3821 | D:4      | Noticed Ijyb
  3858 | D:4      | Noticed Blork the orc
  3888 | D:4      | Killed Ijyb
  3918 | D:4      | Noticed Natasha
  3931 | D:4      | Killed Natasha
  3935 | D:4      | Killed Blork the orc
  3972 | D:4      | Noticed Natasha
  3984 | D:4      | Killed Natasha
  3984 | D:4      | Reached skill level 5 in Axes
  4019 | D:4      | Noticed Sigmund
  4046 | D:4      | Killed Sigmund
  4046 | D:4      | Reached XP level 9. HP: 69/69 MP: 9/9
  4069 | D:4      | Found a stormy altar of Qazlal.
  4208 | D:4      | Killed Natasha
  4496 | D:5      | Entered Level 5 of the Dungeon
  4540 | D:5      | Found Utsi's Jewellery Emporium.
  4558 | D:5      | Bought a +2 amulet of reflection for 90 gold pieces
  4819 | D:5      | Found a staircase to the Ecumenical Temple.
  4824 | Temple   | Entered the Ecumenical Temple
  4932 | D:5      | Found a glowing silver altar of Zin.
  4980 | D:5      | Reached skill level 7 in Shields
  5325 | D:6      | Noticed Duvessa
  5326 | D:6      | Noticed Dowan
  5344 | D:6      | Killed Duvessa
  5349 | D:6      | Killed Dowan
  5397 | D:6      | Noticed Edmund
  5408 | D:6      | Killed Edmund
  5775 | D:7      | Reached skill level 5 in Dodging
  5960 | D:7      | Noticed Prince Ribbit
  6066 | D:7      | Reached XP level 10. HP: 79/79 MP: 10/10
  6120 | D:7      | Noticed Alarkh's ghost (novice DsTm)
  6815 | D:6      | Killed Prince Ribbit
  7054 | D:7      | Killed Alarkh's ghost
  7054 | D:7      | Reached skill level 8 in Shields
  7464 | D:7      | Got a slimy rapier
  7465 | D:7      | Identified the cursed +3 rapier of Temperance {protect, rElec Str+3 Int+4} (You found it on level 7 of the Dungeon)
  7540 | D:7      | Found a stormy altar of Qazlal.
  7715 | D:7      | Found an iron altar of Okawaru.
  7718 | D:7      | Became a worshipper of Warmaster Okawaru
  7790 | D:8      | Noticed a two-headed ogre
  7942 | D:8      | Found a flagged portal.
  7948 | Bailey   | Entered a bailey
  8113 | Bailey   | Reached skill level 1 in Invocations
  8203 | Bailey   | Noticed an orc knight
  8302 | D:8      | Killed a two-headed ogre
  8302 | D:8      | Reached * piety under Okawaru
  8646 | D:8      | Reached XP level 11. HP: 78/86 MP: 12/12
  8800 | D:8      | Reached ** piety under Okawaru
  8800 | D:8      | Reached skill level 9 in Shields
  9354 | D:9      | Noticed feelmyfire's ghost (novice VSEn)
  9400 | D:9      | Killed feelmyfire's ghost
  9427 | D:9      | Reached *** piety under Okawaru
  9918 | D:10     | Entered Level 10 of the Dungeon
 10092 | D:10     | Found a corrupted altar of Lugonu.
 10125 | D:10     | Reached **** piety under Okawaru
 10537 | D:11     | Noticed a death yak
 10537 | D:11     | Noticed an elephant
 10600 | D:11     | Received a gift from Okawaru
 10613 | D:11     | Reached skill level 5 in Invocations
 10651 | D:11     | Found a staircase to the Lair.
 10654 | D:11     | Found a labyrinth entrance.
 10667 | Lab      | Entered a labyrinth
 10832 | Lab      | Noticed a minotaur
 10855 | Lab      | Killed a minotaur
 10873 | Lab      | Reached XP level 12. HP: 51/96 MP: 14/16
 11054 | Lab      | Reached skill level 10 in Shields
 11413 | D:11     | Killed a death yak
 11590 | D:11     | Found an opulent altar of Gozag.
 11628 | D:11     | Reached ***** piety under Okawaru
 12029 | D:11     | Reached skill level 10 in Fighting
 12048 | D:11     | Found Xupo's Food Shoppe.
 12444 | D:12     | Noticed Psyche
 12453 | D:12     | Noticed a two-headed ogre
 12459 | D:11     | Killed Psyche
 12830 | D:12     | Killed a two-headed ogre
 12830 | D:12     | Reached skill level 10 in Armour
 12970 | D:13     | Noticed a six-headed hydra
 12984 | D:14     | Found a gate to the Vaults.
 12984 | D:14     | Noticed Rupert
 12984 | D:14     | Noticed an unseen horror
 12984 | D:14     | Noticed Urug
 12984 | D:14     | Noticed a centaur warrior
 13008 | D:14     | Noticed an ogre mage
 13211 | D:12     | Found a staircase to the Orcish Mines.
 13544 | D:12     | Reached XP level 13. HP: 104/104 MP: 18/18
 13633 | D:12     | Reached skill level 11 in Shields
 14054 | Orc:1    | Entered Level 1 of the Orcish Mines
 14394 | Orc:1    | Reached ****** piety under Okawaru
 14394 | Orc:1    | Received a gift from Okawaru
 14709 | Orc:1    | Noticed an ettin
 14729 | Orc:1    | Slain by an ettin

Vault maps used:
D:1:      dpeg_arrival_erosion
D:2:      minitemple, patterned_corridor
D:3:      kennysheep_ying_yang
D:4:      kennysheep_little_box, first_bread, gup_sewer_entry_bowl,
          uniq_sigmund, uniq_iyjb, uniq_blork_the_orc, uniq_natasha, uniq_pikel
D:5:      lemuel_doored_altar, temple_statues, serial_shops, shop
D:6:      uniq_duvessa, uniq_edmund
D:7:      kennysheep_mini, nicolae_qazlal_eye_of_the_storm, uniq_prince_ribbit1
D:8:      enter_bailey_3
D:10:     kennysheep_kobold_lugonu_temple
D:11:     david_lair_generic, serial_shops, kennysheep_mini_moat,
          lab_entry_generic, nicolae_gozag_cash_rules_everything_around_me
D:12:     orc_0_dummy, st_stairs_13, uniq_psyche
D:13:     serial_shops, shop, shop, nicolae_shop_competitors_out_of_business
D:14:     minmay_strange_plus, david_vaults_3, portal_ice_cave_entry_pillars_2,
          dk_noncrumbling_4, grunt_livestock, st_stairs_1, uniq_josephine
Temple:   chequers_temple_sunken
Orc:1:    serial_shops, shop, minmay_orc_treasury
Lab:      labyrinth_hidden_loot, labyrinth_skeletal_remains,
          labyrinth_lava_lair, nicolae_lab_lava, labyrinth_fake_exit
Sewer:    sewer_co_15_rooms
Bailey:   bailey_polearm_5, bailey

Skill      XL: |  1  2  3  4  5  6  7  8  9 10 11 12 13 |
---------------+----------------------------------------+-----
Dodging        | 1 2 3 5 6 7 8 |  8.3
Shields        | 4 5 6 7 8 9 10 11 | 11.3
Armour         | 4 5 6 7 8 9 10 | 10.5
Axes           | 3 4 5 6 7 8 9 |  9.5
Fighting       | 4 5 6 7 8 9 10 | 10.8
Invocations    | 2 5 7 |  7.8

Action                   |  1- 3 |  4- 6 |  7- 9 | 10-12 | 13-15 || total
-------------------------+-------+-------+-------+-------+-------++-------
Melee: War axe           |    93 |   164 |   492 |   182 |       ||   931
       Unarmed           |       |       |    20 |       |       ||    20
       Rapier            |       |       |       |   193 |       ||   193
       Battleaxe         |       |       |       |   528 |   166 ||   694
       Hand axe          |       |       |       |    20 |       ||    20
Invok: Heroism           |       |       |       |     1 |     1 ||     2
 Abil: Dig               |     4 |       |     7 |     9 |     3 ||    23
Evoke: Wand              |       |       |       |     8 |       ||     8
  Use: Scroll            |       |       |    14 |    10 |       ||    24
       Potion            |       |       |     5 |     3 |     1 ||     9
  Eat: Chunk             |     1 |     6 |    14 |    26 |     5 ||    52
       Royal jelly       |       |       |       |     1 |       ||     1
       Fruit             |       |       |       |     1 |       ||     1
Armor: Scale mail        |    46 |    79 |   105 |       |       ||   230
       Plate armour      |       |       |   111 |   605 |    46 ||   762
Dodge: Dodged            |    30 |    74 |   171 |   422 |    38 ||   735
Block: Shield            |    53 |   108 |   302 |   884 |   111 ||  1458
       Reflection        |       |       |     1 |    15 |     8 ||    24
